[ AOE2 MATCH · #474602023 ]
Team RMItalians vs Vikings
[ REPLAY ANALYSIS · EXTRACTED FROM THE RECORDED GAME ]
Feudal
—
Castle
—
Imperial
—
| APM avg | 11.9 |
| APM peak | 23 |
| eAPM avg | 7.5 |
| Villagers / military | 77 / 9 |
Focus
⚔️ 13.6% · 🌾 86.4%
Fishing Ship ×16 · Scout Cavalry ×5 · Demolition Raft ×4
Feudal
16:19
Castle
26:00
Imperial
—
| APM avg | 18.7 |
| APM peak | 54 |
| eAPM avg | 9.0 |
| Villagers / military | 46 / 16 |
Focus
⚔️ 11.5% · 🌾 88.5%
Fishing Ship ×18 · Knight ×11 · Spearman ×5
Feudal
14:51
Castle
21:42
Imperial
—
| APM avg | 16.2 |
| APM peak | 41 |
| eAPM avg | 12.2 |
| Villagers / military | 47 / 53 |
Focus
⚔️ 17.6% · 🌾 82.4%
Militia ×43 · Fishing Ship ×10 · Battering Ram ×5 · Fire Galley ×4 · Mangonel ×1
Feudal
—
Castle
—
Imperial
—
| APM avg | 15.9 |
| APM peak | 39 |
| eAPM avg | 8.1 |
| Villagers / military | 59 / 44 |
Focus
⚔️ 21.4% · 🌾 78.6%
Spearman ×28 · Fishing Ship ×12 · Archer ×10 · Fire Galley ×6
Match map
Resources at game start + every placement click. Thick line = wall · dashed box = detected house wall. 🟡 gold · ⚪ stone · 🟢 berries · 🔶 boar · ⭕ relic
Inputs per minute
— frizboum - - Wassss
Build order — frizboum
First 150 of 155 actions detected
| 1:29 | Build | Town Center |
| 3:23 | Build | House |
| 3:24 | Build | House |
| 3:29 | Create | Villager (Male) |
| 3:30 | Create | Villager (Male) |
| 3:30 | Create | Villager (Male) |
| 3:31 | Create | Villager (Male) |
| 3:31 | Create | Villager (Male) |
| 4:13 | Research | Loom |
| 4:26 | Build | House |
| 4:27 | Build | House |
| 5:23 | Create | Villager (Male) |
| 5:24 | Create | Villager (Male) |
| 5:24 | Create | Villager (Male) |
| 5:43 | Create | Villager (Male) |
| 6:37 | Create | Villager (Male) |
| 6:38 | Create | Villager (Male) |
| 6:49 | Create | Villager (Male) |
| 6:50 | Create | Villager (Male) |
| 7:06 | Create | Villager (Male) |
| 7:33 | Create | Villager (Male) |
| 7:34 | Create | Villager (Male) |
| 7:34 | Create | Villager (Male) |
| 8:11 | Create | Villager (Male) |
| 8:25 | Create | Villager (Male) |
| 8:26 | Create | Villager (Male) |
| 9:07 | Build | Dock |
| 9:08 | Build | House |
| 9:09 | Build | House |
| 9:47 | Create | Villager (Male) |
| 9:48 | Create | Villager (Male) |
| 10:08 | Create | Villager (Male) |
| 10:09 | Create | Villager (Male) |
| 10:13 | Create | Fishing Ship |
| 10:13 | Create | Fishing Ship |
| 10:13 | Create | Fishing Ship |
| 10:14 | Create | Fishing Ship |
| 11:09 | Create | Villager (Male) |
| 11:10 | Create | Villager (Male) |
| 11:10 | Create | Villager (Male) |
| 11:21 | Build | Mining Camp |
| 11:31 | Create | Villager (Male) |
| 11:38 | Create | Fishing Ship |
| 11:56 | Create | Villager (Male) |
| 12:02 | Create | Fishing Ship |
| 12:20 | Create | Villager (Male) |
| 12:21 | Create | Villager (Male) |
| 12:59 | Build | Mining Camp |
| 13:05 | Create | Fishing Ship |
| 13:06 | Create | Fishing Ship |
| 13:09 | Create | Fishing Ship |
| 13:26 | Build | House |
| 13:31 | Build | House |
| 13:32 | Build | House |
| 13:59 | Research | Feudal Age |
| 14:17 | Build | Mill |
| 14:21 | Create | Villager (Male) |
| 14:21 | Create | Villager (Male) |
| 15:11 | Build | Barracks |
| 15:28 | Create | Villager (Male) |
| 15:58 | Build | Mining Camp |
| 17:07 | Build | Stable |
| 17:08 | Create | Villager (Male) |
| 17:09 | Create | Villager (Male) |
| 17:09 | Create | Villager (Male) |
| 17:17 | Create | Demolition Raft |
| 17:18 | Create | Demolition Raft |
| 17:23 | Research | Tech 906 |
| 17:25 | Create | Villager (Male) |
| 17:35 | Build | House |
| 17:36 | Build | House |
| 17:57 | Create | Villager (Male) |
| 18:18 | Build | Lumber Camp |
| 18:24 | Research | Wheelbarrow |
| 18:39 | Research | Bloodlines |
| 18:54 | Create | Villager (Male) |
| 18:57 | Create | Demolition Raft |
| 18:57 | Create | Demolition Raft |
| 19:02 | Create | Fishing Ship |
| 19:03 | Create | Fishing Ship |
| 19:26 | Create | Scout Cavalry |
| 19:26 | Create | Scout Cavalry |
| 19:26 | Create | Scout Cavalry |
| 19:26 | Create | Scout Cavalry |
| 19:27 | Create | Scout Cavalry |
| 19:34 | Create | Villager (Male) |
| 20:02 | Build | Blacksmith |
| 20:07 | Create | Villager (Male) |
| 20:33 | Build | Market |
| 20:52 | Create | Villager (Male) |
| 20:54 | Research | Double-Bit Axe |
| 21:00 | Create | Fishing Ship |
| 21:00 | Create | Fishing Ship |
| 21:01 | Create | Fishing Ship |
| 21:17 | Create | Villager (Male) |
| 21:19 | Create | Villager (Male) |
| 21:48 | Create | Fishing Ship |
| 21:48 | Create | Fishing Ship |
| 22:02 | Build | House |
| 22:04 | Build | House |
| 22:05 | Build | House |
| 22:06 | Build | House |
| 23:07 | Create | Villager (Male) |
| 23:42 | Create | Villager (Male) |
| 23:42 | Create | Villager (Male) |
| 23:57 | Create | Villager (Male) |
| 24:34 | Research | Castle Age |
| 24:39 | Research | Horse Collar |
| 24:49 | Research | Padded Archer Armor |
| 24:51 | Research | Fletching |
| 25:15 | Create | Villager (Male) |
| 25:15 | Create | Villager (Male) |
| 25:15 | Create | Villager (Male) |
| 25:20 | Build | House |
| 25:21 | Build | House |
| 25:22 | Build | House |
| 25:23 | Build | House |
| 25:25 | Build | House |
| 25:26 | Build | House |
| 25:27 | Build | House |
| 25:28 | Build | House |
| 26:29 | Create | Villager (Male) |
| 26:36 | Research | Gold Mining |
| 26:46 | Build | Archery Range |
| 27:22 | Build | Town Center |
| 27:28 | Research | Bow Saw |
| 27:33 | Research | Bodkin Arrow |
| 27:34 | Research | Leather Archer Armor |
| 27:43 | Research | Hand Cart |
| 28:10 | Create | Villager (Male) |
| 28:44 | Create | Villager (Male) |
| 28:45 | Create | Villager (Male) |
| 28:48 | Create | Villager (Male) |
| 28:48 | Create | Villager (Male) |
| 28:49 | Create | Villager (Male) |
| 28:49 | Create | Villager (Male) |
| 28:49 | Create | Villager (Male) |
| 28:53 | Create | Villager (Male) |
| 28:53 | Create | Villager (Male) |
| 29:13 | Create | Villager (Male) |
| 29:13 | Create | Villager (Male) |
| 29:33 | Build | Castle |
| 29:52 | Build | University |
| 30:05 | Create | Villager (Male) |
| 30:05 | Create | Villager (Male) |
| 30:05 | Create | Villager (Male) |
| 31:00 | Create | Villager (Male) |
| 31:00 | Create | Villager (Male) |
| 31:01 | Create | Villager (Male) |
| 31:19 | Create | Villager (Male) |
Build order — Wassss
139 actions detected in the replay
| 0:22 | Build | House |
| 0:23 | Build | House |
| 1:52 | Build | Town Center |
| 2:07 | Build | Dock |
| 3:47 | Create | Villager (Male) |
| 3:48 | Create | Villager (Male) |
| 3:48 | Create | Villager (Male) |
| 3:59 | Create | Villager (Male) |
| 3:59 | Create | Villager (Male) |
| 5:13 | Create | Villager (Male) |
| 5:13 | Create | Villager (Male) |
| 5:14 | Create | Villager (Male) |
| 5:40 | Create | Villager (Male) |
| 5:40 | Create | Villager (Male) |
| 5:44 | Create | Villager (Male) |
| 6:55 | Build | House |
| 6:59 | Create | Villager (Male) |
| 7:00 | Create | Villager (Male) |
| 7:00 | Create | Villager (Male) |
| 7:53 | Create | Villager (Male) |
| 7:54 | Create | Villager (Male) |
| 8:21 | Create | Villager (Male) |
| 8:21 | Create | Villager (Male) |
| 8:29 | Create | Fishing Ship |
| 8:29 | Create | Fishing Ship |
| 8:42 | Create | Villager (Male) |
| 8:42 | Create | Villager (Male) |
| 8:43 | Create | Villager (Male) |
| 8:43 | Create | Villager (Male) |
| 9:00 | Create | Villager (Male) |
| 9:01 | Create | Villager (Male) |
| 9:01 | Create | Villager (Male) |
| 9:52 | Create | Fishing Ship |
| 10:11 | Build | House |
| 10:14 | Build | House |
| 10:18 | Create | Villager (Male) |
| 10:19 | Create | Villager (Male) |
| 10:19 | Create | Villager (Male) |
| 10:41 | Create | Fishing Ship |
| 10:55 | Research | Wheelbarrow |
| 10:55 | Research | Wheelbarrow |
| 10:57 | Create | Villager (Male) |
| 10:58 | Create | Villager (Male) |
| 10:58 | Create | Villager (Male) |
| 10:58 | Create | Villager (Male) |
| 11:09 | Build | Mill |
| 12:19 | Create | Fishing Ship |
| 12:19 | Create | Fishing Ship |
| 12:24 | Research | Tech 906 |
| 12:25 | Research | Tech 906 |
| 12:30 | Create | Fishing Ship |
| 12:55 | Build | Mining Camp |
| 13:02 | Create | Villager (Male) |
| 13:17 | Create | Fishing Ship |
| 13:32 | Build | House |
| 14:09 | Research | Feudal Age |
| 14:09 | Research | Feudal Age |
| 14:17 | Create | Fishing Ship |
| 14:17 | Create | Fishing Ship |
| 14:18 | Create | Fishing Ship |
| 14:23 | Build | House |
| 14:27 | Build | House |
| 14:53 | Research | Horse Collar |
| 14:53 | Research | Horse Collar |
| 15:18 | Build | Lumber Camp |
| 16:19 | Age | Feudal Age |
| 16:25 | Create | Villager (Male) |
| 16:26 | Create | Villager (Male) |
| 16:26 | Create | Villager (Male) |
| 16:27 | Create | Villager (Male) |
| 16:57 | Build | Farm |
| 17:06 | Research | Hand Cart |
| 17:07 | Create | Villager (Male) |
| 17:43 | Research | Heavy Plow |
| 17:43 | Research | Heavy Plow |
| 17:52 | Research | Double-Bit Axe |
| 17:52 | Research | Double-Bit Axe |
| 17:52 | Research | Double-Bit Axe |
| 18:01 | Build | Farm |
| 18:29 | Build | Lumber Camp |
| 18:41 | Build | Farm |
| 19:23 | Research | Gillnets |
| 19:23 | Research | Gillnets |
| 19:24 | Research | Gillnets |
| 19:46 | Create | Villager (Male) |
| 19:46 | Create | Villager (Male) |
| 19:48 | Create | Villager (Male) |
| 20:32 | Build | Farm |
| 21:05 | Build | Farm |
| 21:08 | Build | Blacksmith |
| 21:16 | Research | Bow Saw |
| 21:16 | Research | Bow Saw |
| 21:17 | Research | Bow Saw |
| 22:01 | Build | Dock |
| 22:09 | Build | Farm |
| 22:16 | Build | Market |
| 22:26 | Create | Fishing Ship ×5 |
| 22:32 | Build | Farm |
| 22:40 | Build | Farm |
| 22:46 | Build | Farm |
| 22:48 | Build | Farm |
| 23:15 | Create | Fishing Ship |
| 23:16 | Create | Fishing Ship |
| 23:20 | Research | Castle Age |
| 23:20 | Research | Castle Age |
| 23:20 | Research | Castle Age |
| 23:28 | Build | Barracks |
| 23:54 | Build | Farm |
| 23:55 | Build | Farm |
| 24:26 | Build | House |
| 24:27 | Build | House |
| 24:30 | Build | House |
| 24:35 | Build | Stable |
| 24:51 | Research | Town Watch |
| 24:51 | Research | Town Watch |
| 25:55 | Build | Dock |
| 26:00 | Age | Castle Age |
| 26:06 | Research | Cavalier (upgrade) |
| 26:06 | Research | Cavalier (upgrade) |
| 26:08 | Create | Knight ×5 |
| 26:14 | Create | Spearman ×5 |
| 26:49 | Create | Villager (Male) |
| 26:50 | Create | Villager (Male) |
| 26:50 | Create | Villager (Male) |
| 27:09 | Build | Town Center |
| 27:19 | Build | Town Center |
| 27:32 | Create | Villager (Male) |
| 27:32 | Create | Villager (Male) |
| 27:37 | Research | Gold Mining |
| 27:37 | Research | Gold Mining |
| 27:49 | Research | Cavalier (upgrade) |
| 27:49 | Research | Cavalier (upgrade) |
| 27:55 | Research | Pikeman (upgrade) |
| 27:55 | Research | Pikeman (upgrade) |
| 28:53 | Create | Knight |
| 28:54 | Create | Knight |
| 29:17 | Create | Knight |
| 29:17 | Create | Knight |
| 30:07 | Create | Knight ×2 |
Build order — BKlinz88
150 actions detected in the replay
| 0:36 | Build | Town Center |
| 2:20 | Build | Dock |
| 2:22 | Build | House |
| 2:23 | Build | House |
| 2:48 | Create | Villager (Male) |
| 2:49 | Create | Villager (Male) |
| 2:49 | Create | Villager (Male) |
| 2:49 | Create | Villager (Male) |
| 4:02 | Create | Villager (Male) |
| 4:02 | Create | Villager (Male) |
| 4:41 | Create | Villager (Male) |
| 4:59 | Create | Villager (Male) |
| 5:14 | Create | Villager (Male) |
| 5:46 | Create | Villager (Male) |
| 5:46 | Create | Villager (Male) |
| 6:04 | Build | House |
| 6:43 | Create | Villager (Male) |
| 6:43 | Create | Villager (Male) |
| 6:44 | Create | Villager (Male) |
| 7:11 | Create | Villager (Male) |
| 7:11 | Create | Villager (Male) |
| 7:32 | Build | Lumber Camp |
| 7:56 | Create | Villager (Male) |
| 7:57 | Create | Villager (Male) |
| 7:58 | Create | Villager (Male) |
| 8:53 | Create | Villager (Male) |
| 9:03 | Create | Fishing Ship |
| 9:03 | Create | Fishing Ship |
| 9:03 | Create | Fishing Ship |
| 9:13 | Build | House |
| 9:15 | Build | House |
| 9:56 | Create | Villager (Male) |
| 9:56 | Create | Villager (Male) |
| 10:12 | Create | Fishing Ship |
| 10:12 | Create | Fishing Ship |
| 10:12 | Create | Fishing Ship |
| 10:20 | Build | House |
| 10:30 | Create | Villager (Male) |
| 10:33 | Research | Loom |
| 11:19 | Create | Fishing Ship |
| 11:19 | Create | Fishing Ship |
| 12:17 | Build | Mill |
| 12:42 | Research | Feudal Age |
| 12:42 | Research | Feudal Age |
| 12:54 | Build | Barracks |
| 13:20 | Build | Mill |
| 13:39 | Create | Fishing Ship |
| 14:05 | Create | Fishing Ship |
| 14:15 | Create | Villager (Male) |
| 14:15 | Create | Villager (Male) |
| 14:16 | Create | Villager (Male) |
| 14:51 | Age | Feudal Age |
| 14:58 | Build | Mining Camp |
| 15:08 | Research | Horse Collar |
| 15:10 | Research | Double-Bit Axe |
| 15:19 | Create | Fire Galley |
| 15:19 | Create | Fire Galley |
| 15:27 | Create | Villager (Male) |
| 15:31 | Create | Villager (Male) |
| 15:31 | Create | Villager (Male) |
| 15:40 | Build | House |
| 15:42 | Build | House |
| 15:44 | Build | House |
| 15:53 | Create | Villager (Male) |
| 16:00 | Research | Gold Mining |
| 16:49 | Create | Fire Galley |
| 17:11 | Create | Villager (Male) |
| 17:19 | Create | Fire Galley |
| 17:29 | Create | Villager (Male) |
| 17:50 | Build | Market |
| 18:26 | Build | Blacksmith |
| 19:03 | Research | Castle Age |
| 19:03 | Research | Castle Age |
| 19:12 | Build | Barracks |
| 19:15 | Research | Man-at-Arms (upgrade) |
| 19:36 | Create | Villager (Male) |
| 19:37 | Create | Villager (Male) |
| 19:37 | Create | Villager (Male) |
| 19:45 | Create | Militia |
| 19:45 | Create | Militia |
| 19:49 | Research | Forging |
| 20:23 | Create | Militia |
| 20:27 | Create | Militia |
| 20:27 | Create | Militia |
| 20:33 | Research | Scale Mail Armor |
| 20:40 | Create | Villager (Male) |
| 21:42 | Age | Castle Age |
| 21:47 | Build | Town Center |
| 22:14 | Build | Siege Workshop |
| 22:24 | Research | Long Swordsman (upgrade) |
| 22:26 | Research | Gambesons |
| 22:31 | Create | Militia |
| 22:32 | Create | Militia |
| 22:40 | Create | Villager (Male) |
| 22:44 | Create | Battering Ram |
| 22:44 | Create | Battering Ram |
| 22:54 | Create | Militia |
| 22:54 | Create | Militia |
| 23:03 | Build | House |
| 23:05 | Build | House |
| 23:05 | Build | House |
| 23:06 | Build | House |
| 23:10 | Create | Villager (Male) |
| 23:13 | Create | Villager (Male) |
| 23:47 | Create | Villager (Male) |
| 23:52 | Create | Villager (Male) |
| 23:53 | Create | Villager (Male) |
| 24:16 | Create | Battering Ram |
| 24:16 | Create | Battering Ram |
| 24:31 | Create | Militia ×4 |
| 25:35 | Create | Militia ×5 |
| 25:36 | Create | Militia ×5 |
| 25:51 | Create | Battering Ram |
| 25:51 | Create | Mangonel |
| 26:00 | Build | Farm |
| 26:01 | Build | Farm |
| 26:01 | Build | Farm |
| 26:01 | Build | Farm |
| 26:01 | Build | Farm |
| 26:01 | Build | Farm |
| 26:02 | Build | Farm |
| 26:02 | Build | Farm |
| 26:02 | Build | Farm |
| 26:24 | Build | Castle |
| 26:44 | Build | Farm |
| 26:45 | Build | Farm |
| 26:45 | Build | Farm |
| 26:46 | Build | Farm |
| 26:46 | Build | Farm |
| 26:46 | Build | Farm |
| 26:46 | Build | Farm |
| 26:48 | Build | Farm |
| 26:48 | Build | Farm |
| 26:48 | Build | Farm |
| 26:51 | Create | Villager (Male) |
| 26:51 | Create | Villager (Male) |
| 26:52 | Create | Villager (Male) |
| 26:52 | Create | Villager (Male) |
| 26:52 | Create | Villager (Male) |
| 27:14 | Research | Fletching |
| 27:37 | Create | Militia |
| 28:01 | Build | Mining Camp |
| 29:45 | Build | Castle |
| 30:16 | Build | Castle |
| 30:28 | Create | Militia ×5 |
| 30:28 | Create | Militia ×5 |
| 30:28 | Create | Militia ×3 |
| 31:14 | Create | Militia ×5 |
| 31:15 | Create | Militia |
| 31:47 | Build | Siege Workshop |
Build order — Petyrkhan
First 150 of 153 actions detected
| 0:23 | Build | Town Center |
| 2:04 | Build | House |
| 2:11 | Build | House |
| 2:17 | Build | Lumber Camp |
| 2:44 | Create | Villager (Male) ×4 |
| 2:44 | Create | Villager (Male) ×4 |
| 4:11 | Create | Villager (Male) |
| 4:11 | Create | Villager (Male) |
| 4:41 | Create | Villager (Male) |
| 4:42 | Create | Villager (Male) |
| 5:23 | Create | Villager (Male) |
| 5:23 | Create | Villager (Male) |
| 6:04 | Create | Villager (Male) |
| 6:04 | Create | Villager (Male) |
| 6:04 | Create | Villager (Male) |
| 6:37 | Create | Villager (Male) |
| 6:38 | Create | Villager (Male) |
| 7:03 | Build | Dock |
| 7:07 | Create | Villager (Male) |
| 7:07 | Create | Villager (Male) |
| 7:37 | Create | Villager (Male) |
| 7:38 | Create | Villager (Male) |
| 7:38 | Create | Villager (Male) |
| 7:38 | Create | Villager (Male) |
| 8:00 | Build | Mill |
| 8:37 | Build | House |
| 9:07 | Create | Villager (Male) |
| 9:08 | Create | Villager (Male) |
| 9:14 | Build | House |
| 9:14 | Build | House |
| 9:27 | Create | Fishing Ship |
| 9:31 | Create | Villager (Male) |
| 10:33 | Build | Mill |
| 10:37 | Create | Villager (Male) |
| 11:08 | Create | Fishing Ship |
| 11:17 | Create | Villager (Male) |
| 11:44 | Build | House |
| 11:50 | Create | Fishing Ship |
| 11:56 | Create | Villager (Male) |
| 11:57 | Create | Villager (Male) |
| 12:13 | Build | Mining Camp |
| 12:21 | Create | Villager (Male) |
| 12:46 | Build | House |
| 12:52 | Build | House |
| 12:52 | Build | House |
| 12:52 | Build | House |
| 12:53 | Build | House |
| 13:04 | Create | Fishing Ship |
| 13:09 | Create | Villager (Male) |
| 13:42 | Research | Feudal Age |
| 13:53 | Create | Fishing Ship |
| 13:57 | Create | Villager (Male) |
| 14:41 | Create | Villager (Male) |
| 14:52 | Build | Barracks |
| 14:57 | Create | Villager (Male) |
| 15:03 | Create | Fishing Ship |
| 15:05 | Create | Fishing Ship |
| 16:06 | Create | Spearman ×5 |
| 16:18 | Research | Double-Bit Axe |
| 16:25 | Research | Horse Collar |
| 16:37 | Build | Farm |
| 17:15 | Create | Villager (Male) |
| 17:15 | Create | Villager (Male) |
| 17:23 | Build | Farm |
| 17:29 | Create | Spearman |
| 17:35 | Create | Villager (Male) |
| 17:37 | Create | Fishing Ship |
| 17:53 | Research | Gold Mining |
| 17:59 | Create | Villager (Male) |
| 18:20 | Build | Barracks |
| 18:29 | Create | Fishing Ship |
| 18:30 | Create | Fishing Ship |
| 18:38 | Create | Villager (Male) |
| 18:48 | Create | Spearman |
| 18:50 | Create | Villager (Male) |
| 19:11 | Build | Farm |
| 19:13 | Build | Farm |
| 19:14 | Build | Farm |
| 19:16 | Build | Farm |
| 19:22 | Create | Villager (Male) |
| 19:31 | Build | House |
| 19:32 | Build | House |
| 19:32 | Build | House |
| 19:32 | Build | House |
| 19:32 | Build | House |
| 19:33 | Build | House |
| 19:33 | Build | House |
| 19:33 | Build | House |
| 19:33 | Build | House |
| 19:34 | Build | House |
| 19:34 | Build | House |
| 19:35 | Build | House |
| 19:35 | Build | House |
| 19:36 | Build | House |
| 19:36 | Build | House |
| 19:39 | Create | Spearman |
| 19:39 | Create | Spearman |
| 19:43 | Create | Villager (Male) |
| 19:54 | Build | Farm |
| 19:57 | Create | Villager (Male) |
| 20:02 | Create | Fishing Ship |
| 20:17 | Create | Spearman |
| 20:20 | Create | Spearman |
| 20:24 | Create | Spearman |
| 20:33 | Create | Fishing Ship |
| 20:56 | Build | Blacksmith |
| 21:02 | Create | Villager (Male) |
| 21:06 | Create | Spearman |
| 21:06 | Create | Spearman |
| 21:09 | Create | Spearman |
| 21:09 | Create | Spearman |
| 21:16 | Create | Villager (Male) |
| 21:36 | Create | Fire Galley |
| 21:36 | Create | Fire Galley |
| 21:37 | Create | Fire Galley |
| 21:37 | Create | Fire Galley |
| 21:43 | Create | Villager (Male) |
| 21:56 | Create | Spearman |
| 21:58 | Create | Spearman |
| 22:01 | Create | Villager (Male) |
| 22:10 | Build | Farm |
| 22:17 | Build | Farm |
| 22:28 | Create | Spearman |
| 22:29 | Create | Spearman |
| 22:31 | Create | Spearman |
| 22:32 | Create | Spearman |
| 22:50 | Build | Farm |
| 22:55 | Build | Farm |
| 23:05 | Build | Archery Range |
| 23:13 | Create | Fire Galley |
| 23:17 | Create | Villager (Male) |
| 23:17 | Create | Villager (Male) |
| 23:32 | Build | Lumber Camp |
| 23:50 | Create | Villager (Male) |
| 23:53 | Create | Fire Galley |
| 23:56 | Create | Spearman |
| 23:56 | Create | Spearman |
| 23:59 | Create | Spearman |
| 23:59 | Create | Spearman |
| 24:22 | Create | Villager (Male) |
| 24:31 | Create | Spearman |
| 24:33 | Create | Spearman |
| 24:37 | Create | Villager (Male) |
| 24:56 | Build | House |
| 24:59 | Build | House |
| 25:50 | Create | Villager (Male) |
| 25:51 | Create | Villager (Male) |
| 25:56 | Create | Archer ×5 |
| 26:10 | Build | Watch Tower |
| 26:26 | Create | Villager (Male) |
Match timeline
| 2:07 | Wassss · first_building Dock |
| 2:20 | BKlinz88 · first_building Dock |
| 7:03 | Petyrkhan · first_building Dock |
| 9:07 | frizboum · first_building Dock |
| 12:54 | BKlinz88 · first_building Barracks |
| 14:51 | BKlinz88 · age_up feudal |
| 14:52 | Petyrkhan · first_building Barracks |
| 15:11 | frizboum · first_building Barracks |
| 16:19 | Wassss · age_up feudal |
| 17:07 | frizboum · first_building Stable |
| 21:42 | BKlinz88 · age_up castle |
| 22:14 | BKlinz88 · first_building Siege Workshop |
| 22:39 | BKlinz88 · first_market_buy 100 wood |
| 23:05 | Petyrkhan · first_building Archery Range |
| 23:28 | Wassss · first_building Barracks |
| 24:35 | Wassss · first_building Stable |
| 26:00 | Wassss · age_up castle |
| 26:24 | BKlinz88 · first_building Castle |
| 26:46 | frizboum · first_building Archery Range |
| 28:02 | Petyrkhan · resign |
| 28:28 | BKlinz88 · first_market_sell 100 food |
| 29:33 | frizboum · first_building Castle |
[ AI ANALYSIS · 1 CREDIT ]
What really happened in this match?
Wolo.gg analyzes every decision: build order, eco, micro, common mistakes by bracket. Personalized analysis on WhatsApp or Discord in 30 seconds.
Civ guide
Italians
Map guide
Nomad
Perfil
frizboum